| TOP OF THE 1ST |
|
Miami Marlins batting - Pitching for Pittsburgh Pirates : RHP Walt Quinn
|
|
Pitching: RHP Walt Quinn
|
|
|
Batting: RHB Roger Salazar
|
0-0: Ball 1-0: Foul Ball, location: 2F 1-1: Ball 2-1: Foul Ball, location: 2F 2-2: Strikes out swinging
|
|
Batting: RHB Bert Clark
|
0-0: Foul Ball, location: 2F 0-1: Called Strike 0-2: Fly out, F9 (Line Drive, 9, EV 98.8 MPH)
|
|
Batting: LHB Adam Durgin
|
0-0: TRIPLE (Flyball, 78XD, EV 104.4 MPH)
|
|
Batting: RHB Jimmy Groseclose
|
0-0: SINGLE (Line Drive, 9LS, EV 108.8 MPH) Adam Durgin scores
|
|
Batting: RHB Tony Stedman
|
0-0: Ball 1-0: Foul Ball, location: 2F 1-1: Ball 2-1: 2-RUN HOME RUN (Flyball, 7D, EV 94.4 MPH), Distance : 373 ft
|
|
Batting: LHB Jose Bregaro
|
0-0: Ball 1-0: Called Strike 1-1: Swinging Strike 1-2: Foul Ball, location: 2F 1-2: Ground out 4-3 (Groundball, 4MD, EV 89.4 MPH)
|
| Top of the 1st over - 3 runs, 3 hits, 0 errors, 0 left on base; Miami 3 - Pittsburgh 0 |
| BOTTOM OF THE 1ST |
|
Pittsburgh Pirates batting - Pitching for Miami Marlins : RHP Sean Geer
|
|
Pitching: RHP Sean Geer
|
|
|
Batting: RHB Chiel Palstermans
|
0-0: Foul Ball, location: 2F 0-1: Swinging Strike 0-2: Ball 1-2: Ball 2-2: Ball 3-2: Strikes out looking
|
|
Batting: RHB David Contreras
|
0-0: Swinging Strike 0-1: Foul Ball, location: 2F 0-2: Strikes out swinging
|
|
Batting: RHB Jorge Severiano
|
0-0: Ball 1-0: Called Strike 1-1: Ball 2-1: Ball 3-1: Called Strike 3-2: Ground out U3 (Groundball, 13, EV 78.1 MPH)
|
| Bottom of the 1st over - 0 runs, 0 hits, 0 errors, 0 left on base; Miami 3 - Pittsburgh 0 |
| TOP OF THE 2ND |
|
Miami Marlins batting - Pitching for Pittsburgh Pirates : RHP Walt Quinn
|
|
Batting: RHB Mike Gar
|
0-0: Called Strike 0-1: Ball 1-1: Ball 2-1: Foul Ball, location: 2F 2-2: Ball 3-2: Foul Ball, location: 2F 3-2: Foul Ball, location: 2F 3-2: Fly out, F9 (Flyball, 9D, EV 111.2 MPH)
|
|
Batting: RHB Zhi-bin Ou-yang
|
0-0: Foul Ball, location: 2F 0-1: Ball 1-1: Foul Ball, location: 2F 1-2: Strikes out swinging, 2-3 out at first.
|
|
Batting: RHB Alberto Cotto
|
0-0: Ball 1-0: Foul Ball, location: 2F 1-1: Fly out, F4 (Popup, 34S, EV 86.9 MPH)
|
| Top of the 2nd over - 0 runs, 0 hits, 0 errors, 0 left on base; Miami 3 - Pittsburgh 0 |
| BOTTOM OF THE 2ND |
|
Pittsburgh Pirates batting - Pitching for Miami Marlins : RHP Sean Geer
|
|
Batting: SHB Marvin McAleer
|
0-0: Ball 1-0: Foul Ball, location: 2F 1-1: Ball 2-1: Fly out, F8 (Flyball, 8RD, EV 98.1 MPH)
|
|
Batting: LHB Micah Boshnjaku
|
0-0: Ball 1-0: Swinging Strike 1-1: Ball 2-1: Ground out U3 (Groundball, 3, EV 79.4 MPH)
|
|
Batting: SHB Jack Andrews
|
0-0: Ball 1-0: Ground out 4-3 (Groundball, 4, EV 101.9 MPH)
|
| Bottom of the 2nd over - 0 runs, 0 hits, 0 errors, 0 left on base; Miami 3 - Pittsburgh 0 |
| TOP OF THE 3RD |
|
Miami Marlins batting - Pitching for Pittsburgh Pirates : RHP Walt Quinn
|
|
Batting: RHB Roger Salazar
|
0-0: Called Strike 0-1: Ball 1-1: Swinging Strike 1-2: Ground out U3 (Groundball, 3, EV 104.4 MPH)
|
|
Batting: RHB Bert Clark
|
0-0: Ball 1-0: Ground out 6-3 (Groundball, 6, EV 100.0 MPH)
|
|
Batting: LHB Adam Durgin
|
0-0: Fly out, F9 (Flyball, 9, EV 73.8 MPH)
|
| Top of the 3rd over - 0 runs, 0 hits, 0 errors, 0 left on base; Miami 3 - Pittsburgh 0 |
| BOTTOM OF THE 3RD |
|
Pittsburgh Pirates batting - Pitching for Miami Marlins : RHP Sean Geer
|
|
Batting: LHB Xavier Pittman
|
0-0: Ball 1-0: Swinging Strike 1-1: Ball 2-1: Ball 3-1: Called Strike 3-2: Strikes out looking
|
|
Batting: RHB Andrew Robinson
|
0-0: DOUBLE (Line Drive, 7LS, EV 106.9 MPH)
|
|
Batting: RHB Raul Mendoza
|
0-0: SINGLE (Groundball, 4M, EV 108.1 MPH) (infield hit) Andrew Robinson to third
|
|
Batting: RHB Chiel Palstermans
|
0-0: Ball 1-0: Ball 2-0: Grounds into double play, 6-4-3 (Groundball, 6, EV 87.5 MPH)
|
| Bottom of the 3rd over - 0 runs, 2 hits, 0 errors, 1 left on base; Miami 3 - Pittsburgh 0 |
| TOP OF THE 4TH |
|
Miami Marlins batting - Pitching for Pittsburgh Pirates : RHP Walt Quinn
|
|
Batting: RHB Jimmy Groseclose
|
0-0: Called Strike 0-1: Called Strike 0-2: Ball 1-2: Ball 2-2: Ball 3-2: Foul Ball, location: 2F 3-2: Base on Balls
|
|
Batting: RHB Tony Stedman
|
0-0: Called Strike 0-1: Grounds into double play, 4-6-3 (Groundball, 4, EV 95.0 MPH)
|
|
Batting: LHB Jose Bregaro
|
0-0: Swinging Strike 0-1: SOLO HOME RUN (Flyball, 89XD, EV 113.8 MPH), Distance : 425 ft
|
|
Batting: RHB Mike Gar
|
0-0: Called Strike 0-1: Called Strike 0-2: Foul Ball, location: 2F 0-2: Strikes out swinging
|
| Top of the 4th over - 1 run, 1 hit, 0 errors, 0 left on base; Miami 4 - Pittsburgh 0 |
| BOTTOM OF THE 4TH |
|
Pittsburgh Pirates batting - Pitching for Miami Marlins : RHP Sean Geer
|
|
Batting: RHB David Contreras
|
0-0: Fly out, F5 (Popup, 5, EV 78.8 MPH)
|
|
Batting: RHB Jorge Severiano
|
0-0: Ball 1-0: SOLO HOME RUN (Flyball, 7D, EV 100.6 MPH), Distance : 389 ft
|
|
Batting: SHB Marvin McAleer
|
0-0: Foul Ball, location: 2F 0-1: Swinging Strike 0-2: Strikes out swinging
|
|
Batting: LHB Micah Boshnjaku
|
0-0: Called Strike 0-1: Ball 1-1: Fly out, F6 (Popup, P, EV 76.2 MPH)
|
| Bottom of the 4th over - 1 run, 1 hit, 0 errors, 0 left on base; Miami 4 - Pittsburgh 1 |
| TOP OF THE 5TH |
|
Miami Marlins batting - Pitching for Pittsburgh Pirates : RHP Walt Quinn
|
|
Batting: RHB Zhi-bin Ou-yang
|
0-0: Called Strike 0-1: Called Strike 0-2: Ball 1-2: Ball 2-2: Foul Ball, location: 2F 2-2: Ball 3-2: Ground out 6-3 (Groundball, 6, EV 86.2 MPH)
|
|
Batting: RHB Alberto Cotto
|
0-0: Called Strike 0-1: Called Strike 0-2: Ball 1-2: Ball 2-2: Ball 3-2: Foul Ball, location: 2F 3-2: Base on Balls
|
|
Batting: RHB Roger Salazar
|
0-0: Ball 1-0: Ball 2-0: Called Strike 2-1: Fly out, F7 (Flyball, 7D, EV 98.8 MPH)
|
|
Batting: RHB Bert Clark
|
0-0: Foul Ball, location: 2F 0-1: Ball Alberto Cotto steals 2nd base 1-1: Swinging Strike 1-2: Ball 2-2: Ball 3-2: Ground out 5-3 (Groundball, 56, EV 107.5 MPH)
|
| Top of the 5th over - 0 runs, 0 hits, 0 errors, 1 left on base; Miami 4 - Pittsburgh 1 |
| BOTTOM OF THE 5TH |
|
Pittsburgh Pirates batting - Pitching for Miami Marlins : RHP Sean Geer
|
|
Batting: SHB Jack Andrews
|
0-0: Ball 1-0: Foul Ball, location: 2F 1-1: Foul Ball, location: 2F 1-2: Strikes out looking
|
|
Batting: LHB Xavier Pittman
|
0-0: Ball 1-0: Called Strike 1-1: Foul Ball, location: 2F 1-2: Ball 2-2: Ground out 6-3 (Groundball, 6MD, EV 96.2 MPH)
|
|
Batting: RHB Andrew Robinson
|
0-0: Called Strike 0-1: Ball 1-1: Ground out 5-3 (Groundball, 5, EV 97.5 MPH)
|
| Bottom of the 5th over - 0 runs, 0 hits, 0 errors, 0 left on base; Miami 4 - Pittsburgh 1 |
| TOP OF THE 6TH |
|
Miami Marlins batting - Pitching for Pittsburgh Pirates : RHP Walt Quinn
|
|
Batting: LHB Adam Durgin
|
0-0: Called Strike 0-1: Foul Ball, location: 2F 0-2: Fly out, F8 (Flyball, 8LM, EV 87.5 MPH)
|
|
Batting: RHB Jimmy Groseclose
|
0-0: Ball 1-0: Fly out, F8 (Flyball, 8LD, EV 93.1 MPH)
|
|
Batting: RHB Tony Stedman
|
0-0: Swinging Strike 0-1: Ball 1-1: Foul Ball, location: 2F 1-2: Ball 2-2: Foul Ball, location: 2F 2-2: Foul Ball, location: 2F 2-2: Foul Ball, location: 2F 2-2: Foul Ball, location: 2F 2-2: Strikes out swinging
|
| Top of the 6th over - 0 runs, 0 hits, 0 errors, 0 left on base; Miami 4 - Pittsburgh 1 |
| BOTTOM OF THE 6TH |
|
Pittsburgh Pirates batting - Pitching for Miami Marlins : RHP Sean Geer
|
|
Batting: RHB Raul Mendoza
|
0-0: Called Strike 0-1: Ground out 5-3 (Groundball, 56S, EV 82.5 MPH)
|
|
Batting: RHB Chiel Palstermans
|
0-0: Ball 1-0: Called Strike 1-1: Foul Ball, location: 2F 1-2: Ball 2-2: Ball 3-2: Foul Ball, location: 2F 3-2: Base on Balls
|
|
Batting: RHB David Contreras
|
0-0: Called Strike 0-1: Swinging Strike 0-2: Fly out, F8 (Flyball, 8LD, EV 101.9 MPH)
|
|
Batting: RHB Jorge Severiano
|
0-0: Ball 1-0: Called Strike 1-1: Ball 2-1: Ball 3-1: Base on Balls Chiel Palstermans to second
|
|
Batting: SHB Marvin McAleer
|
0-0: Ball 1-0: Foul Ball, location: 2F 1-1: Fielders Choice at 2nd, U6 (Groundball, 4MD, EV 104.4 MPH)
|
| Bottom of the 6th over - 0 runs, 0 hits, 0 errors, 2 left on base; Miami 4 - Pittsburgh 1 |
| TOP OF THE 7TH |
|
Miami Marlins batting - Pitching for Pittsburgh Pirates : RHP Walt Quinn
|
|
Batting: LHB Jose Bregaro
|
0-0: Called Strike 0-1: Swinging Strike 0-2: Ball 1-2: Ball 2-2: Strikes out swinging
|
|
Batting: RHB Mike Gar
|
0-0: Ball 1-0: Foul Ball, location: 2F 1-1: Fly out, F9 (Flyball, 89D, EV 106.2 MPH)
|
|
Batting: RHB Zhi-bin Ou-yang
|
0-0: Ball 1-0: Foul Ball, location: 2F 1-1: Fly out, F8 (Flyball, 89S, EV 86.9 MPH)
|
| Top of the 7th over - 0 runs, 0 hits, 0 errors, 0 left on base; Miami 4 - Pittsburgh 1 |
| BOTTOM OF THE 7TH |
|
Pittsburgh Pirates batting - Pitching for Miami Marlins : RHP Sean Geer
|
|
Batting: LHB Micah Boshnjaku
|
0-0: Called Strike 0-1: Ball 1-1: Ball 2-1: Ball 3-1: Base on Balls
|
|
Batting: SHB Jack Andrews
|
0-0: Ball 1-0: Called Strike 1-1: Ball 2-1: Ball 3-1: Grounds into double play, 4-6-3 (Groundball, 34S, EV 85.0 MPH)
|
|
Batting: LHB Xavier Pittman
|
0-0: Ball 1-0: Called Strike 1-1: Called Strike 1-2: SINGLE (Line Drive, 34D, EV 95.6 MPH)
|
|
Batting: RHB Andrew Robinson
|
0-0: Ball 1-0: Called Strike 1-1: Called Strike 1-2: Ball 2-2: Ball 3-2: Foul Ball, location: 2F 3-2: SINGLE (Groundball, 56S, EV 65.0 MPH) (infield hit) Xavier Pittman to second
|
|
Batting: RHB Raul Mendoza
|
0-0: Ball 1-0: Foul Ball, location: 2F 1-1: Ball 2-1: Ball 3-1: Called Strike 3-2: DOUBLE (Line Drive, 9LM, EV 108.1 MPH) Xavier Pittman scores Andrew Robinson to third Andrew Robinson scores
|
|
Pitching: RHP Adam Thomas
|
|
|
Batting: RHB Chiel Palstermans
|
0-0: Ball 1-0: Called Strike 1-1: Called Strike 1-2: Foul Ball, location: 2F 1-2: Strikes out swinging
|
| Bottom of the 7th over - 2 runs, 3 hits, 0 errors, 1 left on base; Miami 4 - Pittsburgh 3 |
| TOP OF THE 8TH |
|
Miami Marlins batting - Pitching for Pittsburgh Pirates : RHP Walt Quinn
|
|
Pitching: RHP Josh Markham
|
|
|
Batting: RHB Alberto Cotto
|
0-0: Ball 1-0: Ball 2-0: SINGLE (Line Drive, 89S, EV 108.1 MPH)
|
|
Batting: RHB Roger Salazar
|
0-0: Sac Bunt to 5S - play at first, batter OUT! 5-3 Alberto Cotto to second
|
|
Batting: RHB Bert Clark
|
0-0: Called Strike 0-1: Called Strike 0-2: Ball 1-2: Fly out, F7 (Flyball, 78D, EV 93.1 MPH)
|
|
Batting: LHB Adam Durgin
|
0-0: Called Strike 0-1: Ball 1-1: Ball 2-1: Fly out, F8 (Flyball, 8RD, EV 103.1 MPH)
|
| Top of the 8th over - 0 runs, 1 hit, 0 errors, 1 left on base; Miami 4 - Pittsburgh 3 |
| BOTTOM OF THE 8TH |
|
Pittsburgh Pirates batting - Pitching for Miami Marlins : RHP Adam Thomas
|
|
Batting: RHB David Contreras
|
0-0: Ball 1-0: Foul Ball, location: 2F 1-1: Ball 2-1: Foul Ball, location: 2F 2-2: Foul Ball, location: 2F 2-2: Foul Ball, location: 2F 2-2: SOLO HOME RUN (Flyball, 7D, EV 97.5 MPH), Distance : 382 ft
|
|
Batting: RHB Jorge Severiano
|
0-0: Fly out, F7 (Line Drive, 7, EV 91.2 MPH)
|
|
Batting: SHB Marvin McAleer
|
0-0: Called Strike 0-1: Ball 1-1: Called Strike 1-2: Foul Ball, location: 2F 1-2: Ball 2-2: Strikes out swinging
|
|
Batting: LHB Micah Boshnjaku
|
0-0: Called Strike 0-1: Foul Ball, location: 2F 0-2: Strikes out swinging
|
| Bottom of the 8th over - 1 run, 1 hit, 0 errors, 0 left on base; Miami 4 - Pittsburgh 4 |
| TOP OF THE 9TH |
|
Miami Marlins batting - Pitching for Pittsburgh Pirates : RHP Josh Markham
|
|
Pinch Hitting: LHB Andre Gorter
|
0-0: Called Strike 0-1: Ball 1-1: Called Strike 1-2: Ball 2-2: SINGLE (Line Drive, 7LS, EV 94.4 MPH)
|
|
Pinch Hitting: SHB Ramon Martinez
|
0-0: Called Strike 0-1: Foul Ball, location: 2F 0-2: Strikes out swinging
|
|
Batting: LHB Jose Bregaro
|
0-0: Called Strike 0-1: Ball 1-1: Fly out, F7 (Flyball, 7S, EV 85.0 MPH)
|
|
Batting: RHB Mike Gar
|
0-0: Ball Andre Gorter steals 2nd base 1-0: Fly out, F9 (Flyball, 9S, EV 95.6 MPH)
|
| Top of the 9th over - 0 runs, 1 hit, 0 errors, 1 left on base; Miami 4 - Pittsburgh 4 |
| BOTTOM OF THE 9TH |
|
Pittsburgh Pirates batting - Pitching for Miami Marlins : RHP Adam Thomas
|
|
Pitching: RHP Kwang-sik Kim
|
|
|
Now at C: Jordan Barragan
|
|
|
Now in CF: Andre Gorter
|
|
|
Now in RF: Jose Bregaro
|
|
|
Batting: SHB Jack Andrews
|
0-0: Ball 1-0: Ball 2-0: Ball 3-0: Called Strike 3-1: Foul Ball, location: 2F 3-2: Strikes out swinging
|
|
Batting: LHB Xavier Pittman
|
0-0: Called Strike 0-1: Ball 1-1: Swinging Strike 1-2: Ball 2-2: Strikes out swinging
|
|
Batting: RHB Andrew Robinson
|
0-0: Foul Ball, location: 2F 0-1: Swinging Strike 0-2: Ball 1-2: Strikes out swinging
|
| Bottom of the 9th over - 0 runs, 0 hits, 0 errors, 0 left on base; Miami 4 - Pittsburgh 4 |
| TOP OF THE 10TH |
|
Miami Marlins batting - Pitching for Pittsburgh Pirates : RHP Josh Markham
|
|
Pitching: RHP Jeremy Kennie
|
|
|
Batting: RHB Zhi-bin Ou-yang
|
0-0: Swinging Strike 0-1: Foul Ball, location: 2F 0-2: Foul Ball, location: 2F 0-2: Strikes out looking
|
|
Batting: RHB Alberto Cotto
|
0-0: Ball 1-0: Ball 2-0: Foul Ball, location: 2F 2-1: Fly out, F8 (Flyball, 8RXD, EV 96.9 MPH)
|
|
Batting: RHB Roger Salazar
|
0-0: Foul Ball, location: 2F 0-1: Ball 1-1: Called Strike 1-2: Foul Ball, location: 2F 1-2: Ball 2-2: Ball 3-2: Foul Ball, location: 2F 3-2: Foul Ball, location: 2F 3-2: Base on Balls
|
|
Batting: RHB Bert Clark
|
0-0: Called Strike 0-1: Ball 1-1: Swinging Strike 1-2: Hit by Pitch Roger Salazar to second
|
|
Batting: LHB Adam Durgin
|
0-0: Called Strike 0-1: Swinging Strike 0-2: SINGLE (Groundball, 34D, EV 96.2 MPH) Roger Salazar to third Bert Clark to second Runner from 3rd tries for Home, throw by RF and OUT! 9-2
|
| Top of the 10th over - 0 runs, 1 hit, 0 errors, 2 left on base; Miami 4 - Pittsburgh 4 |
| BOTTOM OF THE 10TH |
|
Pittsburgh Pirates batting - Pitching for Miami Marlins : RHP Kwang-sik Kim
|
|
Pitching: RHP Tim Barnett
|
|
|
Pinch Hitting: LHB Chris Salim
|
0-0: SINGLE (Line Drive, 6D, EV 96.2 MPH)
|
|
Batting: RHB Chiel Palstermans
|
0-0: Called Strike 0-1: Bunt - Flyout to 2R! F2
|
|
Batting: RHB David Contreras
|
0-0: Foul Ball, location: 2F 0-1: Called Strike 0-2: Grounds into double play, 4-6-3 (Groundball, 34, EV 90.0 MPH)
|
| Bottom of the 10th over - 0 runs, 1 hit, 0 errors, 0 left on base; Miami 4 - Pittsburgh 4 |
| TOP OF THE 11TH |
|
Miami Marlins batting - Pitching for Pittsburgh Pirates : RHP Jeremy Kennie
|
|
Now in RF: Chris Salim
|
|
|
Batting: LHB Andre Gorter
|
0-0: Ball 1-0: Ball 2-0: Swinging Strike 2-1: Ball 3-1: Foul Ball, location: 2F 3-2: Base on Balls
|
|
Pitching: RHP Rogelio Nunez
|
|
|
Batting: SHB Jordan Barragan
|
0-0: Ball Andre Gorter steals 2nd base 1-0: Called Strike 1-1: Ball 2-1: Ball 3-1: Fly out, F9 (Flyball, 89D, EV 77.5 MPH) Runner from 2nd tags up, SAFE at 3rd, no throw by RF
|
|
Batting: LHB Jose Bregaro
|
0-0: Intentional Walk
|
|
Batting: RHB Mike Gar
|
0-0: Called Strike 0-1: Ground out 5-3 (Groundball, 56S, EV 88.8 MPH) Jose Bregaro to second
|
|
Batting: RHB Zhi-bin Ou-yang
|
0-0: Called Strike 0-1: Swinging Strike 0-2: Ball 1-2: Ball 2-2: Ball 3-2: Fly out, F5 (Popup, 56S, EV 72.5 MPH)
|
| Top of the 11th over - 0 runs, 0 hits, 0 errors, 2 left on base; Miami 4 - Pittsburgh 4 |
| BOTTOM OF THE 11TH |
|
Pittsburgh Pirates batting - Pitching for Miami Marlins : RHP Tim Barnett
|
|
Batting: RHB Jorge Severiano
|
0-0: Ball 1-0: Foul Ball, location: 2F 1-1: Hit by Pitch
|
|
Batting: SHB Marvin McAleer
|
0-0: Called Strike 0-1: Foul Ball, location: 2F 0-2: Strikes out swinging
|
|
Batting: LHB Micah Boshnjaku
|
0-0: Called Strike 0-1: Called Strike 0-2: Foul Ball, location: 2F 0-2: Ball 1-2: Strikes out swinging
|
|
Batting: SHB Jack Andrews
|
0-0: Called Strike 0-1: Foul Ball, location: 2F 0-2: Ball 1-2: Foul Ball, location: 2F 1-2: Ball 2-2: Foul Ball, location: 2F 2-2: Ball 3-2: Foul Ball, location: 2F 3-2: Strikes out looking
|
| Bottom of the 11th over - 0 runs, 0 hits, 0 errors, 1 left on base; Miami 4 - Pittsburgh 4 |
| TOP OF THE 12TH |
|
Miami Marlins batting - Pitching for Pittsburgh Pirates : RHP Rogelio Nunez
|
|
Batting: RHB Alberto Cotto
|
0-0: Called Strike 0-1: Ball 1-1: Ball 2-1: Fly out, F7 (Flyball, 7D, EV 84.4 MPH)
|
|
Batting: RHB Roger Salazar
|
0-0: Called Strike 0-1: Called Strike 0-2: Foul Ball, location: 2F 0-2: Ball 1-2: Strikes out swinging
|
|
Batting: RHB Bert Clark
|
0-0: Called Strike 0-1: Foul Ball, location: 2F 0-2: Fly out, F8 (Flyball, 8LXD, EV 101.9 MPH)
|
| Top of the 12th over - 0 runs, 0 hits, 0 errors, 0 left on base; Miami 4 - Pittsburgh 4 |
| BOTTOM OF THE 12TH |
|
Pittsburgh Pirates batting - Pitching for Miami Marlins : RHP Tim Barnett
|
|
Batting: LHB Xavier Pittman
|
0-0: Ball 1-0: Ball 2-0: Fly out, F7 (Flyball, 78D, EV 105.0 MPH)
|
|
Batting: RHB Andrew Robinson
|
0-0: Ball 1-0: Called Strike 1-1: Ball 2-1: Swinging Strike 2-2: Ball 3-2: Foul Ball, location: 2F 3-2: Base on Balls
|
|
Batting: LHB Chris Salim
|
0-0: Ball 1-0: Called Strike 1-1: Foul Ball, location: 2F 1-2: Ball 2-2: Strikes out swinging
|
|
Pitching: RHP Chris Funderburg
|
|
|
Batting: RHB Chiel Palstermans
|
0-0: Ball 1-0: SINGLE (Groundball, 34S, EV 80.6 MPH) (infield hit) Andrew Robinson to second
|
|
Batting: RHB David Contreras
|
0-0: Foul Ball, location: 2F 0-1: Ball 1-1: Ball 2-1: Ball 3-1: Foul Ball, location: 2F 3-2: SINGLE (Line Drive, 8RS, EV 95.0 MPH) Andrew Robinson to third Chiel Palstermans to second Andrew Robinson scores Chiel Palstermans to third
|
| Bottom of the 12th over - 1 run, 2 hits, 0 errors, 2 left on base; Miami 4 - Pittsburgh 5 |
|